 Dungeon Crawl Stone Soup version 0.27-a0-1202-ge72e49191c (webtiles) character file.

Game seed: 7641052996517476656

415 kae the Slasher (level 6, -2/50 HPs)
             Began as a Demonspawn Abyssal Knight on June 3, 2021.
             Was a Priest of Lugonu.
             Slain by an iguana (9 damage)
             ... on level 4 of the Dungeon.
             The game lasted 00:03:07 (4714 turns).

kae the Slasher (Demonspawn Abyssal Knight)         Turns: 4714, Time: 00:03:07

Health: -2/50      AC:  6    Str: 15    XL:     6   Next: 60%
Magic:  7/7        EV: 15    Int: 13    God:    Lugonu [***...]
Gold:   85         SH:  0    Dex: 12    Spells: 5/5 levels left

rFire    . . .     SeeInvis .   a - +1 falchion
rCold    . . .     Faith    .   (no shield)
rNeg     . . .     Spirit   .   b - +0 leather armour
rPois    .         Reflect  .   (helmet restricted)
rElec    .         Harm     .   (no cloak)
rCorr    .         Rampage  .   (no gloves)
Will     .....                  e - +0 pair of boots
Stlth    +.........             (no amulet)
HPRegen  0.16/turn              h - +4 ring of evasion
MPRegen  0.10/turn              (no ring)

@: no status effects
A: horns 2, yellow scales 1
a: Renounce Religion, Depart the Abyss, Bend Space, Banish


You were on level 4 of the Dungeon.
You worshipped Lugonu.
Lugonu was most pleased with you.
You visited 1 branch of the dungeon, and saw 4 of its levels.
You visited the Abyss 1 time.

You collected 85 gold pieces.

Inventory:

Hand Weapons
 a - a +1 falchion (weapon)
Missiles
 g - 2 atropa-tipped darts
 i - a throwing net
Armour
 b - a +0 leather armour (worn)
 e - a +0 pair of boots (worn)
Jewellery
 h - a +4 ring of evasion (left hand)
Wands
 c - a wand of mindburst (15)
Scrolls
 f - a scroll of fear
 j - a scroll of immolation {unknown}
Potions
 d - 5 potions of curing
 k - 2 potions of lignification
 l - a potion of brilliance {unknown}


   Skills:
 + Level 4.9 Fighting
 * Level 5.4 Long Blades
 - Level 1.7 Armour
 - Level 0.8 Dodging
 - Level 2.4 Invocations


You had 5 spell levels left.
You didn't know any spells.
Your spell library was empty.

Dungeon Overview and Level Annotations

Branches:
Dungeon (4/15)
 Temple: D:4-7

Altars:
Nemelex Xobeh
Okawaru
Zin


Innate Abilities, Weirdness & Mutations

You have a pair of horns on your head.
You are partially covered in yellow scales. (AC +2)


Message History

Found a ring mail.
No target in view!
No target in view!
You see here a +0 ring mail.
An iguana comes into view.
The iguana hisses angrily.
Found a stone staircase leading down.
Okay, then.
The iguana bites you!
You hit the iguana but do no damage. The iguana closely misses you.
You hit the iguana but do no damage.
You headbutt the iguana, but do no damage.
The iguana bites you!
You are too injured to fight recklessly!
You are too injured to fight recklessly!
You are too injured to fight recklessly!
You are too injured to fight recklessly!
You are too injured to fight recklessly!
You are too injured to fight recklessly!
You are too injured to fight recklessly!
You are too injured to fight recklessly!
You are too injured to fight recklessly!
You hit the iguana.
The iguana is lightly wounded.
The iguana bites you.
You hit the iguana.
The iguana is heavily wounded.
The iguana barely misses you.
You hit the iguana but do no damage.
The iguana is heavily wounded.
The iguana bites you.
You barely miss the iguana.
The iguana is moderately wounded.
The iguana bites you!
You barely miss the iguana.
The iguana is moderately wounded.
The iguana bites you!
* * * LOW HITPOINT WARNING * * *
The iguana bites you!
You die...

........#####
#........
.............
.........
........#####
........#
###.....#####
........#
#.........#
..>......
.............
........#
#####.......#
.......l# #########
.......@####### #
...............
.....##........
......##........
####
###......##........
#....
#........##........
##.###
#........##[.......
#.....
#........##........
#.....
#........##........
#.....


You could see an iguana.

Vanquished Creatures
  A black bear (D:4)
  A hound (D:4)
  An iguana (D:4)
  2 orc wizards
  4 adders
  7 gnolls
  2 worms (D:4)
  5 dart slugs
  6 orcs (D:4)
  9 ball pythons
  5 bats
  8 endoplasms
  4 giant cockroaches
  6 hobgoblins
  8 jackals
  5 quokkas
  8 frilled lizards
  5 goblins
  5 kobolds
  4 rats
96 creatures vanquished.

Vanquished Creatures (others)
  An orc wizard (D:3)
1 creature vanquished.

Grand Total: 97 creatures vanquished

Notes
Turn   | Place    | Note
-------+----------+-------------------------------------------
     0 | Abyss:1  | kae the Demonspawn Abyssal Knight began the quest for the
                  | Orb.
     0 | Abyss:1  | Reached XP level 1. HP: 18/18 MP: 2/2
    57 | Abyss:1  | Noticed a large abomination
    58 | D:1      | Escaped the Abyss
   110 | D:1      | Reached skill level 2 in Long Blades
   110 | D:1      | Reached * piety under Lugonu
   296 | D:1      | Gained mutation: You have a pair of small horns on your
                  | head. [demonic ancestry]
   296 | D:1      | Reached XP level 2. HP: 14/24 MP: 3/3
  1042 | D:1      | Gained mutation: You have a pair of horns on your head.
                  | [demonic ancestry]
  1042 | D:1      | Reached XP level 3. HP: 29/29 MP: 4/4
  1205 | D:2      | Reached skill level 3 in Long Blades
  1906 | D:1      | Gained mutation: You are partially covered in yellow
                  | scales. (AC +2) [demonic ancestry]
  1906 | D:1      | Reached XP level 4. HP: 34/37 MP: 5/5
  2355 | D:2      | Reached ** piety under Lugonu
  2642 | D:3      | Found a sparkling altar of Nemelex Xobeh.
  2788 | D:3      | Found a faded altar of an unknown god.
  3098 | D:3      | Reached skill level 4 in Long Blades
  3099 | D:3      | Reached XP level 5. HP: 40/42 MP: 6/6
  3938 | D:4      | Reached *** piety under Lugonu
  4137 | D:4      | Noticed a black bear
  4145 | D:4      | Killed a black bear
  4146 | D:4      | Reached skill level 5 in Long Blades
  4146 | D:4      | Reached XP level 6. HP: 35/49 MP: 7/7
  4484 | D:4      | Found an iron altar of Okawaru.
  4714 | D:4      | Slain by an iguana

Illustrated notes

Levels and vault maps discovered:
D:1:      psy_arrival_dodecagon, layout_basic, minmay_misc_feat_secret_circle
D:2:      layout_rooms
D:3:      layout_loops_ring, nemelex_diamond_rough_becter,
          hellmonk_ecumenical_altar_inner_sanctum,
          chequers_serial_rivers_small_b
D:4:      layout_basic, zin_statuary, lemuel_crystal_altar,
          kennysheep_small_spiral

Skill      XL: |  1  2  3  4  5 |
---------------+----------------+-----
Long Blades    | 2 3 4 5 |  5.4
Fighting       | 4 |  4.9
Armour         | |  1.7
Dodging        | |  0.8
Invocations    | |  2.4

Action                   |  1- 3 |  4- 6 || total
-------------------------+-------+-------++-------
Melee: Falchion          |    99 |   185 ||   284
       Headbutt          |    17 |    34 ||    51
Invok: Depart the Abyss  |     1 |       ||     1
  Use: Scroll            |     1 |     7 ||     8
Armor: Leather armour    |    30 |    50 ||    80
Dodge: Dodged            |    67 |   153 ||   220
       Rpst.: Falchion   |    19 |    45 ||    64

Table legend: (Time is in decaauts)
 A = Elapsed time spent in this place.
 B = Non-inter-level travel time spent in this place.
 C = Inter-level travel time spent in this place.
 D = Time resting spent in this place.
 E = Time spent auto-exploring this place.
 F = Levels seen in this place.
 G = Mean time per level.
                   A        B        C        D        E       F      G
               +--------+--------+--------+--------+--------+-----+--------+
         Total |   4750 |   4665 |     85 |    808 |   2921 |   5 |  950.0 |
       Dungeon |   4692 |   4607 |     85 |    808 |   2864 |   4 | 1173.0 |
         Abyss |     58 |     58 |      0 |      0 |     57 |   1 |   58.0 |
               +--------+--------+--------+--------+--------+-----+--------+

Top non-repeatable levels by time:
     D:1: 1988 daAuts
     D:3: 1159 daAuts
     D:4: 1039 daAuts
     D:2: 504 daAuts
 Abyss:1: 58 daAuts
